 Dungeon Crawl Stone Soup version 0.23-a0-677-g07611c5 (webtiles) character file.

35 Amnesiac the Insei (level 3, 0/42 HPs)
             Began as a Draconian Transmuter on Jan 9, 2019.
             Slain by a worm (5 damage)
             ... on level 2 of the Dungeon.
             The game lasted 00:02:46 (974 turns).

Amnesiac the Insei (Draconian Transmuter)            Turns: 974, Time: 00:02:46

Health: 0/42       AC:  5    Str: 17    XL:     3   Next: 17%
Magic:  5/6        EV: 11    Int: 13    God:
Gold:   37         SH:  0    Dex: 12    Spells: 0/6 levels left

rFire    + . .     SeeInvis .     - Unarmed
rCold    x . .     Gourm    .   (no shield)
rNeg     . . .     Faith    .   (armour unavailable)
rPois    .         Spirit   .   (helmet restricted)
rElec    .         Reflect  .   (no cloak)
rCorr    .         Harm     .   (no gloves)
MR       .....                  (no boots)
Stlth    ..........             (no amulet)
HPRegen  0.14/turn              b - ring of fire
MPRegen  0.10/turn              i - ring of stealth

@: berserking, very slightly contaminated, drained, very quick
A: unfitting armour, cold-blooded, AC +5
a: no special abilities


You were on level 2 of the Dungeon.
You were not hungry.

You visited 1 branch of the dungeon, and saw 2 of its levels.

You collected 37 gold pieces.

Inventory:

Missiles
 a - 10 arrows
Jewellery
 b - a ring of fire (left hand)
 i - a ring of stealth (right hand)
Scrolls
 d - a scroll of magic mapping {!r, unknown}
 e - 2 scrolls of identify {!r, unknown}
 f - a scroll of remove curse {!r, unknown}
 g - a scroll of fog {!r, unknown}
 l - a scroll of noise {!r, unknown}
Comestibles
 c - 3 rations
 k - a chunk of flesh


   Skills:
 - Level 1.1(0.3) Fighting
 - Level 1.7(0.9) Dodging
 * Level 3.7(2.8) Unarmed Combat
 + Level 2.3(1.5) Spellcasting
 + Level 2.4(1.6) Transmutations


You couldn't memorise any spells.
You knew the following spells:

 Your Spells              Type           Power        Failure   Level  Hunger
a - Spider Form           Tmut/Pois      #.........   50%         3    ####...
b - Sticks to Snakes      Tmut           #.......     21%         2    ###....
c - Beastly Appendage     Tmut           #.....       14%         1    ##.....

Your spell library contained the following spells:

 Spells                   Type           Power        Failure   Level  Hunger
 Ice Form                 Ice/Tmut       #.......     88%         4    #####..
 Blade Hands              Tmut           #.........   98%         5    ######.


Dungeon Overview and Level Annotations

Branches:
Dungeon (2/15)

Altars:


Innate Abilities, Weirdness & Mutations

Your plain brown scales are hard. (AC +5)
You cannot fit into any form of body armour.
You are cold-blooded and may be slowed by cold attacks.


Message History

The giant cockroach closely misses you. The wight hits you but does no damage.
You barely miss the giant cockroach.
The giant cockroach is moderately wounded.
The giant cockroach bites you but does no damage.
The wight hits you with a +4 short sword!
* * * LOW HITPOINT WARNING * * *
You barely miss the giant cockroach.
The giant cockroach is moderately wounded.
The giant cockroach waves its antennae.
The giant cockroach bites you but does no damage.
The wight closely misses you.
Really quaff
j - 2 pink potions {!q}?
It was a potion of curing {!q}.
You feel better. The giant cockroach bites you.
The wight hits you with a +4 short sword!
* * * LOW HITPOINT WARNING * * *
You hit the giant cockroach.
The giant cockroach is severely wounded.
The giant cockroach bites you but does no damage.
The wight closely misses you.
The giant cockroach bites you but does no damage.
You hit the giant cockroach.
The giant cockroach is almost dead.
The giant cockroach barely misses you.
The wight hits you with a +4 short sword.
* * * LOW HITPOINT WARNING * * *
You feel drained.
* * * LOW HITPOINT WARNING * * *
Really quaff
j - a potion of curing {!q}?
You feel better.
The giant cockroach bites you but does no damage.
The wight hits you with a +4 short sword.
* * * LOW HITPOINT WARNING * * *
You feel drained.
* * * LOW HITPOINT WARNING * * *
You hit the giant cockroach.
You kill the giant cockroach!
That felt strangely unrewarding.
The wight hits you with a +4 short sword.
* * * LOW HITPOINT WARNING * * *
The giant cockroach waves its antennae.
A jackal comes into view.
A jackal and a worm come into view.
The jackal barks!
A jackal comes into view.
Found a potion of curing.
The jackal barks! x2
The jackal misses you. The jackal barely misses you.
The jackal closely misses you. The jackal bites you.
* * * LOW HITPOINT WARNING * * *
The jackal barely misses you.
The jackal bites you but does no damage.
The jackal bites you.
* * * LOW HITPOINT WARNING * * *
The jackal barely misses you. The jackal closely misses you.
The jackal bites you but does no damage. x2
The jackal bites you but does no damage.
The jackal barely misses you.
Really quaff
h - a golden potion {!q}?
It was a potion of berserk rage {!q}.
A red film seems to cover your vision as you go berserk!
You feel yourself moving faster!
You feel mighty! The worm bites you.
You die...

......(#.####w$.#######.#
.......#.# ###....<....#
######.#.#........S....##
#.#.......#............
#.#...........####.....
#.##.....##.#.# ....
#z###.......... ###
#.#########w#.## #......#
#@#.# ######.#
#h#.####### #.#
#.z!....... #.#
###.###### #.# #.ws# #.#
#h.s# #.# #...# #z# #.###
#.# #.#


You could see 2 worms, a wight, a jackal and 2 giant cockroaches.

Vanquished Creatures
  An adder (D:2)
  A dart slug (D:2)
  A leopard gecko (D:1)
  4 giant cockroaches
  3 goblins
  2 hobgoblins (D:1)
  3 bats
  3 frilled lizards
  A kobold (D:1)
  A rat (D:1)
20 creatures vanquished.

Vanquished Creatures (collateral kills)
  An adder (D:2)
1 creature vanquished.

Grand Total: 21 creatures vanquished

Notes
Turn   | Place    | Note
-------+----------+-------------------------------------------
     0 | D:1      | Amnesiac the Draconian Transmuter began the quest for the
                  | Orb.
     0 | D:1      | Reached XP level 1. HP: 16/16 MP: 3/3
   172 | D:1      | Reached XP level 2. HP: 17/23 MP: 1/5
   177 | D:1      | Learned a level 2 spell: Sticks to Snakes
   330 | D:2      | Noticed a wight
   382 | D:2      | Noticed a centaur
   836 | D:2      | Reached XP level 3. HP: 27/28 MP: 4/6
   841 | D:2      | Learned a level 3 spell: Spider Form
   930 | D:2      | HP: 1/28 [wight/+4 short sword (5)]
   974 | D:2      | Slain by a worm

Vault maps used:
D:1:      minmay_arrival_diagonal_passages
D:2:      chequers_ecumenical_altar_grove, uniq_jessica

Action                   || total
-------------------------++-------
Melee: Unarmed           ||    66
       Tailslap          ||     2
       Headbutt          ||     4
       Kick              ||     3
 Cast: Beastly Appendage ||    17
       Sticks to Snakes  ||     2
  Use: Potion            ||     3
 Stab: Sleeping          ||     1
  Eat: Chunk             ||     1
Armor: Skin              ||    24
Dodge: Dodged            ||    50

Table legend:
 A = Non-vault XP
 B = Vault XP
 C = Vault XP percentage of total XP
 D = Non-vault monster count
 E = Vault monster count
 F = Vault count percentage of total count
                 A         B        C        D         E       F
            +---------+---------+-------+---------+---------+-------
      Total |      51 |       0 |   0.0 |      20 |       0 |   0.0
            +---------+---------+-------+---------+---------+-------
        D:1 |      23 |       0 |   0.0 |      14 |       0 |   0.0
        D:2 |      28 |       0 |   0.0 |       6 |       0 |   0.0
            +---------+---------+-------+---------+---------+-------
